AoeStats
← thiago.sensy

Arabia

505082542Analyzed
1v1 RM · 23d ago on Sep 7, 2026· 90m 7s· 2 players
Game mode
Random Map
Map size
Tiny (2 player)
Population
200
Speed
Normal
Resources
Standard
Victory
Conquest
Starting age
Dark Age
Ending age
Imperial Age
RankedLock teamsTeams togetherTeam positionsShared explorationLock speedFull tech treeHidden civsTurbo modeCheats
Victory
Defeat
🇫🇮 Persians · Finland
790
+16
🇧🇷 Franks · Brazil
799
-16
Laiskahauki
9:41 Feudal Age
9:39 Loom
11:04 Double-Bit Axe
11:01 Horse Collar
17:01 Gold Mining
18:42 Bloodlines
23:06 Castle Age
23:00 Pikeman
23:41 Squires
29:02 Heavy Plow
29:19 Bow Saw
29:23 Scale Barding Armor
29:38 Husbandry
34:14 Forging
34:55 Scale Mail Armor
45:15 Elite Skirmisher
51:58 Ballistics
51:49 Masonry
52:01 Chain Barding Armor
52:17 Iron Casting
51:32 Fletching
54:35 Imperial Age
52:47 Wheelbarrow
51:57 Town Watch
54:03 Kamandaran
57:15 Thumb Ring
57:48 Plate Barding Armor
58:13 Blast Furnace
57:09 Bodkin Arrow
57:14 Padded Archer Armor
58:21 Chemistry
57:51 Architecture
57:40 Heavy Camel Rider
59:20 Hoardings
61:07 Citadels
60:47 Halberdier
66:59 Leather Archer Armor
70:34 Ring Archer Armor
82:06 Crossbowman
83:38 Light Cavalry
86:39 Gambesons
thiago.sensy
7:00 Loom
10:31 Feudal Age
11:51 Wheelbarrow
11:34 Double-Bit Axe
14:01 Gold Mining
17:28 Stone Mining
21:04 Castle Age
22:19 Bow Saw
32:34 Pikeman
35:02 Squires
34:48 Arson
37:40 Hand Cart
47:15 Imperial Age
49:01 Husbandry
50:00 Cavalier
50:59 Heavy Cavalry Archer
55:01 Paladin
56:38 Halberdier
58:29 Chemistry
70:24 Light Cavalry
70:56 Heavy Scorpion
79:49 Crossbowman
Connection lost

Rejoining the realm…

Still unreachable

The connection could not be restored.

Session expired

The server has moved on; the page needs a fresh start.